Map: Crimson Court LE

Players

GoOdy

  • Race: Terran Terran
  • League: Master
  • Spawn Location: 1:00

SortOf - Winner!

  • Race: Zerg Zerg
  • League: Grandmaster
  • Spawn Location: 7:00

VOD

Have the link to the VOD?

Description

Time

  • Played on: June 4, 2024, 9:16 a.m.
  • Length: 21:52
Show
View Real Time Build Order
Export as new Build Order

GoOdy Terran 

Build Orders: Hellion Banshee, Mech 

Get SALT Encoding   

  12  0:00  SCV  
  13  0:12  SCV  
  14  0:17  Supply Depot  
  14  0:24  SCV  
  15  0:38  SCV  
  15  0:40  Barracks  
  16  0:50  SCV  
  17  1:03  SCV  
  18  1:12  Command Center  
  18  1:15  SCV  
  19  1:27  Orbital Command  
  19  1:28  Marine  
  20  1:35  Supply Depot  
  20  1:40  Refinery  
  20  1:46  Marine  
  21  1:53  SCV  
  22  1:58  Refinery  
  22  2:04  Marine  
  22  2:05  Bunker  
  22  2:07  SCV  
  24  2:19  SCV  
  24  2:22  Marine  
  26  2:24  Orbital Command  
  26  2:31  SCV  
  27  2:37  Factory  
  27  2:40  Refinery  
  27  2:43  SCV  
  28  2:46  Barracks Reactor  
  28  2:50  SCV  
  29  2:55  SCV  
  30  2:59  Supply Depot  
  30  3:02  SCV  
  31  3:07  SCV  
  32  3:14  SCV  
  32  3:19  SCV  
  34  3:22  Starport  
  34  3:26  SCV  
  35  3:29  Hellion x2  
  35  3:31  SCV  
  40  3:38  SCV  
  41  3:42  Barracks Tech Lab  
  41  3:44  Command Center, SCV  
  42  3:50  SCV  
  42  3:52  Hellion  
  42  3:54  Hellion  
  47  3:57  SCV  
  47  4:01  Supply Depot  
  48  4:02  SCV  
  48  4:09  SCV  
  50  4:10  Banshee  
  50  4:15  SCV  
  54  4:17  Cloaking Field  
  54  4:23  Hellion x2  
  58  4:27  Refinery  
  58  4:28  SCV x2  
  60  4:36  Factory  
  60  4:39  Factory  
  60  4:40  SCV x2  
  62  4:49  Supply Depot  
  62  4:51  Engineering Bay  
  62  4:55  Banshee, SCV x2  
  68  5:06  Orbital Command  
  67  5:07  SCV x2  
  67  5:09  Armory  
  69  5:20  Hyperflight Rotors, SCV x2  
  71  5:21  Factory  
  71  5:22  Factory Tech Lab x2  
  69  5:28  Factory  
  69  5:36  Orbital Command  
  69  5:38  Banshee  
  75  5:42  Siege Tank  
  75  5:43  Siege Tank  
  78  5:53  Hellion x2  
  78  5:55  SCV x2  
  84  6:01  Supply Depot x3  
  84  6:07  Factory Tech Lab  
  84  6:09  SCV  
  85  6:12  Refinery  
  85  6:13  Factory Tech Lab  
  85  6:14  Terran Vehicle Weapons Level 1  
  85  6:16  Refinery  
  85  6:22  Banshee, SCV x3  
  91  6:28  Missile Turret  
  91  6:32  Supply Depot, Missile Turret  
  91  6:34  SCV x3  
  91  6:35  Siege Tank x2  
  100  6:46  Thor  
  106  6:50  Supply Depot x2  
  106  6:52  Supply Depot  
  106  6:57  SCV x3  
  106  7:00  Hellion x2  
  113  7:09  SCV  
  113  7:13  Siege Tank  
  113  7:14  Hellion x2  
  122  7:17  Supply Depot  
  122  7:19  Supply Depot  
  122  7:21  Hellion x2  
  126  7:29  Thor  
  132  7:33  Banshee  
  132  7:34  Supply Depot  
  132  7:35  Hellion x2  
  136  7:39  Supply Depot  
  136  7:40  Missile Turret  
  136  7:41  Supply Depot  
  136  7:50  Hellion x2, Siege Tank  
  143  7:56  Hellion  
  145  8:06  Command Center  
  145  8:11  Siege Tank  
  145  8:12  Hellion x2, Siege Tank  
  155  8:18  Siege Tank  
  158  8:20  SCV x2  
  158  8:21  SCV  
  158  8:22  Hellion  
  163  8:28  Terran Vehicle And Ship Armor Level 1  
  163  8:33  Hellion  
  163  8:43  Siege Tank  
  151  8:56  Hellion, Siege Tank x2  
  151  8:57  Hellion  
  156  9:08  Siege Tank  
  151  9:15  Siege Tank  
  154  9:18  Hellion x2  
  140  9:28  Hellion  
  142  9:33  Siege Tank  
  145  9:39  Hellion x2  
  145  9:41  Siege Tank  
  136  9:47  Siege Tank  
  136  9:50  Hellion  
  123  9:58  Banshee  
  126  10:01  Hellion x2  
  126  10:05  Siege Tank  
  127  10:11  Hellion  
  127  10:13  Hellion  
  113  10:23  Terran Vehicle Weapons Level 2  
  113  10:24  Armory  
  113  10:25  Starport x2  
  113  10:27  Planetary Fortress  
  113  10:33  Hellion, Infernal Pre-Igniter, Thor  
  113  10:35  Hellion, Siege Tank  
  128  10:36  Hellion  
  128  10:37  Hellion  
  128  10:41  Banshee  
  133  10:50  Unknown  
  133  10:51  Missile Turret x2  
  133  10:55  Hellion  
  139  10:57  Hellion x2  
  139  11:01  Sensor Tower  
  139  11:07  Siege Tank x2  
  145  11:16  Hellion  
  145  11:17  Hellion, Viking x2, Missile Turret  
  153  11:23  Siege Tank  
  153  11:24  Banshee  
  157  11:38  Siege Tank  
  158  11:40  Hellion  
  158  11:41  Hellion  
  158  11:46  Siege Tank, Thor  
  171  11:47  Hellion x2, Viking  
  171  11:53  Command Center  
  173  11:55  Siege Tank  
  178  12:08  Hellion  
  178  12:11  Hellion, Siege Tank, Banshee  
  178  12:12  Viking  
  178  12:14  Terran Vehicle And Ship Armor Level 2  
  188  12:17  Viking  
  188  12:19  Hellion  
  182  12:33  Siege Tank  
  182  12:34  Hellion x3  
  191  12:42  Viking  
  193  12:49  Siege Tank  
  196  13:04  Banshee  
  196  13:05  Siege Tank  
  199  13:06  Siege Tank  
  189  13:27  Siege Tank x2  
  189  13:28  Hellion x2  
  199  13:44  Missile Turret  
  199  13:46  Missile Turret  
  199  13:53  Siege Tank x2  
  199  13:54  Hellion x2  
  178  13:59  Siege Tank  
  178  14:00  Siege Tank  
  184  14:07  Hellion x3  
  175  14:18  Missile Turret, SCV x3  
  175  14:22  Command Center  
  175  14:23  Command Center  
  178  14:25  Siege Tank x2  
  184  14:31  Siege Tank  
  173  14:43  Planetary Fortress  
  173  14:45  Siege Tank  
  149  14:46  Hellion  
  149  14:49  Refinery x2  
  134  14:53  Banshee  
  134  14:54  Starport Tech Lab x2  
  134  14:55  SCV x3  
  134  14:57  Siege Tank  
  134  14:58  Siege Tank  
  146  15:04  Siege Tank  
  146  15:06  Sensor Tower, Missile Turret  
  150  15:07  SCV x3  
  150  15:13  Banshee x2  
  158  15:17  Siege Tank, Terran Vehicle Weapons Level 3  
  158  15:18  Terran Ship Weapons Level 1  
  161  15:23  SCV  
  161  15:24  SCV x2  
  161  15:30  Siege Tank x2  
  167  15:37  SCV x2  
  170  15:45  Orbital Command x2  
  165  15:59  Banshee x3  
  165  16:01  Siege Tank x2  
  165  16:02  Hellion x4  
  170  16:34  Siege Tank x3  
  179  16:42  Banshee x2, Viking  
  187  16:48  Siege Tank, Missile Turret x3  
  187  16:49  Hellion  
  192  17:03  Command Center  
  192  17:12  Viking  
  170  17:25  Viking, Orbital Command  
  170  17:33  Siege Tank x3  
  170  17:34  Hellion x3, Missile Turret  
  174  17:55  Hellion x2, Siege Tank  
  181  18:05  Hellion, Siege Tank x2  
  153  18:16  Banshee x3, Hellion x2  
  163  18:24  SCV x4  
  163  18:25  SCV  
  163  18:26  Siege Tank  
  171  18:33  Refinery  
  171  18:36  Orbital Command  
  171  18:45  Thor  
  171  18:46  Thor  
  183  18:57  Hellion x2, Siege Tank  
  183  18:58  Banshee  
  183  18:59  Hellion  
  174  19:31  Siege Tank x4  
  184  19:32  Hellion x2  
  143  19:59  Hellion x2  
  113  20:03  Siege Tank x4  
  125  20:14  Banshee x3  
  125  20:20  Hellion x2  
  138  20:21  Missile Turret  
  138  20:35  Hellion, Siege Tank x3  
  149  20:41  Hellion  
  149  20:42  Hellion  
  153  20:56  Hellion  
  153  20:57  Banshee x3  
  155  21:03  Hellion x2  
  165  21:07  Siege Tank x3  
  146  21:18  Hellion  
  148  21:24  Hellion x2  
Show
View Real Time Build Order
Export as new Build Order

SortOf Zerg - Winner!

Build Orders: Hatch First, Roach Hydra 

Get SALT Encoding   

  12  0:01  Drone  
  13  0:13  Overlord  
  13  0:18  Drone  
  14  0:32  Drone x2  
  16  0:51  Hatchery, Drone  
  16  0:55  Drone  
  17  0:59  Drone  
  18  1:10  Extractor  
  17  1:14  Spawning Pool  
  17  1:16  Drone  
  17  1:20  Drone  
  18  1:29  Drone  
  19  1:41  Drone  
  20  1:50  Drone  
  21  2:03  Queen x2  
  21  2:05  Zergling x2  
  21  2:06  Overlord  
  26  2:12  Drone  
  26  2:13  Drone  
  28  2:26  Drone x2  
  30  2:33  Drone  
  30  2:35  Hatchery, Drone  
  31  2:42  Queen  
  33  2:44  Overlord  
  33  2:50  Drone  
  34  2:52  Metabolic Boost  
  34  2:56  Drone  
  35  2:59  Drone  
  35  3:04  Queen  
  38  3:07  Drone  
  38  3:10  Drone  
  38  3:12  Drone x3  
  43  3:19  Drone  
  44  3:24  Overlord  
  44  3:35  Roach Warren  
  44  3:36  Drone  
  44  3:42  Queen  
  44  3:43  Drone x6  
  52  3:49  Queen  
  52  3:54  Zergling x4  
  56  3:59  Overlord  
  56  4:00  Drone x2  
  57  4:03  Overlord  
  57  4:05  Extractor  
  57  4:09  Drone  
  57  4:14  Overlord  
  57  4:16  Queen  
  59  4:18  Overlord  
  59  4:19  Drone x3  
  62  4:24  Drone  
  62  4:26  Drone x4  
  62  4:27  Drone  
  62  4:31  Lair  
  68  4:33  Drone  
  68  4:37  Drone x3  
  76  4:45  Roach x2  
  76  4:47  Drone  
  76  4:50  Roach x3  
  83  4:53  Spore Crawler  
  83  4:55  Spore Crawler  
  83  4:58  Spore Crawler  
  80  5:01  Drone x3  
  80  5:06  Overlord  
  83  5:07  Queen  
  83  5:08  Drone x4  
  83  5:10  Extractor  
  83  5:12  Overlord  
  88  5:15  Drone  
  88  5:19  Drone  
  88  5:20  Extractor  
  89  5:29  Pneumatized Carapace, Drone x3  
  89  5:31  Extractor, Glial Reconstitution  
  89  5:32  Evolution Chamber x2, Drone x2  
  89  5:33  Overseer  
  89  5:35  Drone x3  
  94  5:36  Drone  
  94  5:38  Drone x2  
  94  5:39  Overlord  
  94  5:40  Extractor  
  94  5:42  Roach  
  98  5:45  Overseer  
  98  5:49  Hatchery  
  97  5:52  Roach x2  
  97  5:54  Overlord  
  101  5:59  Zerg Ground Armor Level 1  
  101  6:01  Overlord  
  101  6:04  Overlord  
  101  6:05  Zerg Missile Weapons Level 1  
  101  6:13  Roach x5  
  101  6:16  Drone x4  
  115  6:19  Spore Crawler  
  115  6:25  Drone x2  
  117  6:27  Hatchery  
  117  6:34  Drone  
  117  6:35  Hydralisk Den, Drone, Infestation Pit  
  117  6:37  Baneling Nest  
  116  6:40  Drone  
  116  6:41  Overlord  
  116  6:42  Zergling x12  
  116  6:43  Zergling x4  
  116  6:44  Drone  
  116  6:45  Drone  
  127  6:49  Overseer  
  127  6:50  Ravager x3  
  127  6:52  Overlord  
  127  6:53  Zergling x2  
  131  6:58  Drone x2  
  132  7:11  Grooved Spines  
  132  7:12  Hydralisk x3, Hive  
  132  7:13  Hydralisk  
  139  7:15  Drone x7  
  146  7:23  Hydralisk  
  146  7:29  Spore Crawler  
  147  7:32  Hydralisk  
  147  7:33  Hydralisk x2, Extractor  
  147  7:34  Hatchery  
  151  7:39  Drone x4  
  151  7:42  Extractor  
  154  7:49  Roach x2  
  154  7:50  Overlord  
  154  7:51  Overlord  
  158  7:52  Spore Crawler  
  158  7:54  Zerg Melee Weapons Level 1, Spore Crawler  
  158  7:58  Hatchery  
  158  8:01  Muscular Augments, Infestor  
  158  8:04  Overlord x2  
  160  8:08  Overlord  
  160  8:10  Zerg Ground Armor Level 2  
  160  8:11  Overlord  
  159  8:15  Roach x3  
  159  8:16  Roach  
  167  8:22  Spore Crawler  
  167  8:24  Drone x10, Spore Crawler  
  175  8:28  Spore Crawler  
  173  8:37  Zergling x18  
  173  8:40  Ravager x9  
  179  8:53  Roach x8  
  185  8:58  Baneling x7  
  167  9:04  Roach x5  
  167  9:09  Hydralisk x2  
  159  9:11  Zergling x16  
  163  9:21  Hydralisk  
  163  9:22  Hydralisk x4  
  152  9:25  Roach  
  152  9:33  Ravager  
  152  9:34  Hydralisk x3  
  157  9:39  Hatchery  
  157  9:42  Roach x5  
  144  9:50  Zergling x2, Hydralisk x3  
  122  9:57  Roach x4  
  122  9:59  Zergling x4  
  128  10:07  Roach x4  
  123  10:15  Drone x6  
  123  10:17  Queen  
  129  10:22  Roach x2  
  129  10:26  Ravager x4  
  137  10:29  Queen  
  139  10:39  Zergling x12  
  144  10:47  Queen  
  144  10:48  Zerg Melee Weapons Level 2  
  146  10:50  Ravager x4  
  146  10:57  Zergling x12  
  156  11:00  Burrow, Drone  
  156  11:02  Drone x4  
  161  11:08  Zerg Missile Weapons Level 2  
  161  11:18  Hatchery  
  161  11:21  Baneling x10  
  160  11:26  Drone x2  
  161  11:35  Adrenal Glands  
  161  11:40  Zergling x32  
  177  11:47  Extractor x2, Spore Crawler  
  177  11:48  Spine Crawler, Drone x3  
  177  11:49  Drone  
  177  11:51  Drone  
  177  11:52  Drone  
  179  11:59  Queen  
  179  12:00  Extractor  
  179  12:01  Spine Crawler  
  179  12:05  Baneling x12  
  179  12:08  Hatchery  
  178  12:13  Zergling x18  
  186  12:33  Viper  
  186  12:36  Drone x2  
  186  12:37  Drone  
  192  12:40  Overlord  
  192  12:43  Centrifugal Hooks  
  189  12:53  Zergling x14, Roach x2  
  199  13:03  Drone  
  199  13:04  Zerg Ground Armor Level 3  
  195  13:16  Drone x7  
  195  13:18  Roach  
  196  13:21  Zergling x6  
  180  13:45  Zergling x40  
  200  13:54  Roach x2  
  200  13:55  Roach  
  188  14:02  Zerg Melee Weapons Level 3  
  188  14:03  Queen  
  188  14:06  Hatchery  
  189  14:14  Baneling x9  
  189  14:15  Ravager x6  
  193  14:24  Drone x3  
  193  14:30  Hatchery  
  174  14:40  Zergling x44  
  174  14:51  Roach  
  159  14:59  Hatchery  
  158  15:00  Roach x10  
  158  15:05  Drone  
  179  15:11  Baneling x5  
  179  15:12  Baneling x8  
  179  15:17  Spire x2  
  182  15:21  Zergling x26  
  182  15:22  Overseer  
  183  15:30  Zergling x24  
  195  15:52  Spine Crawler  
  195  15:53  Zerg Missile Weapons Level 3  
  168  16:16  Zergling x68  
  183  16:22  Overseer  
  183  16:27  Hydralisk x3  
  183  16:28  Hydralisk x2  
  183  16:32  Zerg Flyer Weapons Level 1  
  191  16:33  Greater Spire  
  191  16:39  Drone x6  
  194  16:44  Extractor, Ravager x2  
  194  16:45  Ravager x2  
  194  16:46  Extractor, Baneling x7  
  194  16:47  Baneling x12  
  196  16:49  Spore Crawler  
  195  16:55  Spine Crawler  
  195  16:58  Zergling x10  
  191  17:21  Hydralisk x9  
  168  17:25  Overseer  
  168  17:26  Overseer  
  168  17:28  Infestor  
  178  17:30  Zergling x46  
  186  17:44  Roach x10  
  200  17:45  Zergling x6  
  198  17:51  Hydralisk  
  200  17:58  Zerg Flyer Armor Level 1  
  200  18:05  Hydralisk x5  
  188  18:08  Overlord x2  
  185  18:14  Overlord  
  185  18:15  Infestor x2  
  185  18:18  Baneling  
  185  18:19  Baneling x7  
  187  18:26  Zerg Flyer Weapons Level 2  
  184  18:33  Zergling x2, Hatchery, Overseer  
  184  18:36  Ravager  
  184  18:37  Zergling x22, Ravager x4  
  200  18:42  Unknown  
  200  18:46  Overseer  
  200  18:47  Overseer x4  
  199  19:04  Spore Crawler  
  198  19:10  Spore Crawler  
  183  19:19  Zergling x36  
  183  19:20  Zergling x32  
  195  19:31  Viper  
  162  19:57  Zergling x2, Hydralisk x6  
  162  19:58  Zergling x18  
  162  19:59  Overlord x4  
  172  20:03  Overseer x4  
  172  20:05  Overlord x2  
  170  20:11  Spore Crawler  
  170  20:14  Spine Crawler  
  168  20:15  Extractor  
  167  20:22  Baneling x4  
  167  20:29  Drone x3  
  167  20:30  Drone x4  
  167  20:34  Hydralisk x4  
  167  20:35  Zergling x26  
  195  20:40  Baneling x17  
  195  20:53  Spine Crawler  
  194  20:57  Zergling x10  
  194  20:58  Overseer  
  185  21:08  Zergling x58  
  185  21:09  Zergling x4  
  189  21:12  Roach  
  189  21:17  Overlord  
  191  21:26  Overseer  
  191  21:30  Zergling x12  
  191  21:31  Zergling x16  
  197  21:35  Baneling x3  
Tags
 
Add a new tag
Caveats
  • Supply blocks, unpowered buildings, or Contaminate may cause inaccurate times.
  • Supply counts are checked every 10 seconds.